 Dungeon Crawl Stone Soup version 0.21.1-1-g345015f (webtiles) character file.

27 Machinecode the Grave Robber (level 3, 0/24 HPs)
             Began as a Human Necromancer on May 8, 2018.
             Slain by an adder (5 damage)
             ... on level 2 of the Dungeon.
             The game lasted 00:22:18 (1899 turns).

Machinecode the Grave Robber (Human Necromancer)    Turns: 1899, Time: 00:22:18

Health: 0/24       AC:  2    Str:  8    XL:     3   Next: 25%
Magic:  0/6        EV: 12    Int: 16    God:
Gold:   78         SH:  0    Dex: 13    Spells: 5/7 levels left

rFire    . . .     SeeInvis .   (no weapon)
rCold    . . .     Gourm    .   (no shield)
rNeg     . . .     Faith    .   a - +0 robe
rPois    .         Spirit   .   (no helmet)
rElec    .         Reflect  .   (no cloak)
rCorr    .         Harm     .   (no gloves)
MR       .....                  (no boots)
Stlth    ++........             (no amulet)
HPRegen  0.08/turn              (no ring)
MPRegen  0.10/turn              (no ring)

@: no status effects
A: no striking features
a: no special abilities


You were on level 2 of the Dungeon.
You were not hungry.

You visited 1 branch of the dungeon, and saw 2 of its levels.

You collected 78 gold pieces.

Inventory:

Armour
 a - a +0 robe (worn)
 c - a +0 pair of gloves
 d - a +0 ring mail
 e - a +0 robe
 g - a +0 leather armour
 h - a +0 robe
 i - a +0 scale mail
 k - a +0 pair of gloves
Scrolls
 j - 2 scrolls of identify {unknown}
 m - a scroll of enchant weapon {unknown}
Potions
 f - a potion of might {unknown}
 n - a potion of curing {unknown}
Books
 b - a book of Necromancy

   Spells                             Type                      Level
   a - Pain                           Necromancy                   1
   b - Animate Skeleton               Necromancy                   1
   c - Vampiric Draining              Necromancy                   3
   d - Regeneration                   Charms/Necromancy            3
   e - Animate Dead                   Necromancy                   4
   f - Borgnjor's Vile Clutch         Necromancy/Earth             5
Comestibles
 l - 7 chunks of flesh


   Skills:
 + Level 2.1 Dodging
 + Level 2.0 Stealth
 + Level 2.5 Spellcasting
 + Level 4.5 Necromancy


You had 5 spell levels left.
You knew the following spells:

 Your Spells              Type           Power        Failure   Level  Hunger
a - Pain                  Necr           ###.         3%          1    #......
b - Animate Skeleton      Necr           N/A          3%          1    #......


Dungeon Overview and Level Annotations

Branches:
Dungeon (2/15)

Altars:


Message History

The adder closely misses you.
Casting: Pain
Confirm with . or Enter, or press ? or * to list all spells.
Aiming: Pain
Press: ? - help, Shift-Dir - straight line, f/p - kobold
Aim: a kobold, wielding a dagger (severely wounded, chance to defeat MR: 87%)
The adder writhes in agony!
The adder misses you. The adder closely misses you. The adder misses you.
The kobold closely misses you. The kobold hits you but does no damage.
The adder bites you.
* * * LOW HITPOINT WARNING * * *
The adder misses you.
Some of the chunks of flesh in your inventory have rotted away.
Casting: Pain
Confirm with . or Enter, or press ? or * to list all spells.
Aiming: Pain
Press: ? - help, Shift-Dir - straight line, p - kobold The adder writhes in agony!
The adder bites you.
You die...

##########.# #.......##.#
#.#####.##.#
###..........########
..........)(......)># #.#
###..#.#.........##.###
#.# #..#....##.##K.##...#
#.#
####....##.##gS.....####.#
#.#.###.##.@##.#......# .
...... ..###....#.#.#..# .
..#.#####.#
####........###### . ####.
..# #.#.#.........# ..#
#.#.#....####.# #.#.#.#.##
#.. #.#.#.#.# ##. #.###.#
#. ..######.


You could see an adder, a goblin and a kobold.

Vanquished Creatures
  A leopard gecko (D:1)
  A giant cockroach (D:1)
  2 goblins (D:1)
  4 hobgoblins (D:2)
  3 jackals (D:2)
  3 bats (D:1)
  A frilled lizard (D:1)
  2 kobolds
  4 rats
21 creatures vanquished.

Vanquished Creatures (collateral kills)
  A giant cockroach (D:1)
  A goblin (D:2)
  A hobgoblin (D:2)
  A frilled lizard (D:1)
  A kobold (D:2)
5 creatures vanquished.

Grand Total: 26 creatures vanquished

Notes
Turn   | Place    | Note
-------+----------+-------------------------------------------
     0 | D:1      | Machinecode the Human Necromancer began the quest for the Orb.
     0 | D:1      | Reached XP level 1. HP: 13/13 MP: 3/3
    69 | D:1      | Learned a level 1 spell: Animate Skeleton
   376 | D:1      | Reached XP level 2. HP: 17/19 MP: 5/5
  1731 | D:2      | Reached XP level 3. HP: 21/24 MP: 3/6
  1899 | D:2      | Slain by an adder

Action                   || total
-------------------------++-------
Melee: Unarmed           ||     6
 Cast: Pain              ||    50
       Animate Skeleton  ||    13
  Eat: Ration            ||     1
Armor: Robe              ||     7
Dodge: Dodged            ||    43
